 Dungeon Crawl Stone Soup version 0.32-a0-931-g5a2cda0630 (webtiles) character file.

Game seed: 12912480694196197316

3790 Xtruder99 the Martial Artist (level 10, -13/76 HPs)
             Began as a Gnoll Shapeshifter on Apr 13, 2024.
             Was a Follower of Cheibriados.
             Mangled by an orc warrior
             ... wielding a +0 glaive
              (24 damage)
             ... in a bailey.
             The game lasted 00:25:42 (7735 turns).

Xtruder99 the Martial Artist (Gnoll Shapeshifter)   Turns: 7735, Time: 00:25:51

Health: -13/76     AC: 24    Str: 16    XL:     10   Next: 16%
Magic:  17/17      EV:  6    Int: 16    God:    Cheibriados [*.....]
Gold:   305        SH:  0    Dex: 16    Spells: 17/19 levels left

rFire   + +          .
                       - Unarmed
rCold   . . .        (no shield)
rNeg    . . .        L - +4 plate armour {rF+}
rPois   .            (no helmet)
rElec   .            k - +2 cloak
rCorr   +            m - +0 pair of gloves
SInv    .            y - +2 pair of boots
Will    .....        (no amulet)
Stlth   x              - ring of resist corrosion
HPRegen 0.32/turn    E - ring of protection from fire
MPRegen 0.15/turn

%: no passive effects
@: mighty, weak-willed, very slow
A: fangs 1, strong nose, distributed training
a: Renounce Religion, Bend Time


You were in a bailey.
You worshipped Cheibriados.
Cheibriados was aware of your devotion.
You visited 2 branches of the dungeon, and saw 8 of its levels.
You also visited: Bailey.

You collected 338 gold pieces.
You spent 33 gold pieces at shops.

Inventory:

Hand Weapons
 f - a +2 whip of flaming
 s - a +2 dagger of flaming
 z - a +0 flail
 C - a +2 mace of draining
 J - a +0 arbalest
Missiles
 H - a throwing net (quivered)
Armour
 k - a +2 cloak (worn)
 l - a +0 chain mail
 m - a +0 pair of gloves (worn)
 y - a +2 pair of boots (worn)
 A - a +0 crystal plate armour
 K - a +3 scale mail
 L - a +4 plate armour of fire resistance (worn)
Jewellery
 q - a ring of fire
 x - a ring of resist corrosion (left hand)
 B - a ring of magical power
 E - a ring of protection from fire (right hand)
Talismans
 c - a beast talisman
 d - a flux talisman
Wands
 I - a wand of quicksilver (3)
Scrolls
 g - 3 scrolls of poison
 h - a scroll of enchant weapon
 i - a scroll of brand weapon {unknown}
 p - a scroll of torment {unknown}
 r - a scroll of blinking
 t - a scroll of fear {unknown}
 u - 2 scrolls of noise
 v - a scroll of enchant armour
 D - a scroll of immolation {unknown}
Potions
 b - 3 potions of lignification
 e - 2 potions of brilliance
 j - 4 potions of mutation
 o - a potion of attraction {unknown}
 w - 2 potions of curing
 F - a potion of degeneration {unknown}


   Skills:
 + Level 5.9 Fighting
 + Level 5.2 Short Blades
 + Level 5.2 Long Blades
 + Level 5.2 Axes
 + Level 5.2 Maces & Flails
 + Level 5.2 Polearms
 + Level 5.2 Staves
 + Level 5.2 Ranged Weapons
 + Level 5.2 Throwing
 + Level 5.2 Armour
 + Level 7.0 Dodging
 + Level 5.2 Stealth
 + Level 5.2 Shields
 + Level 8.4 Unarmed Combat
 + Level 5.2 Spellcasting
 + Level 4.3 Conjurations
 + Level 4.3 Hexes
 + Level 4.3 Summonings
 + Level 4.3 Necromancy
 + Level 4.3 Translocations
 + Level 4.3 Fire Magic
 + Level 4.3 Ice Magic
 + Level 4.3 Air Magic
 + Level 4.3 Earth Magic
 + Level 4.3 Alchemy
 + Level 5.7 Invocations
 + Level 5.2 Evocations
 + Level 8.1 Shapeshifting


You had 17 spell levels left.
You knew the following spells:

 Your Spells              Type           Power      Damage    Failure   Level
a - Blink                 Tloc           34%        N/A       88%         2

Your spell library contained the following spells:

 Spells                   Type           Power      Damage    Failure   Level
 Slow                     Hex            68%        N/A       77%         1
 Sting                    Conj/Alch      68%        1d7       77%         1
 Jinxbite                 Hex            34%        N/A       88%         2
 Lesser Beckoning         Tloc           34%        N/A       88%         2
 Mercury Vapours          Alch/Air       34%        N/A       88%         2
 Momentum Strike          Conj/Tloc      34%        3d8       88%         2
 Confusing Touch          Hex            17%        N/A       98%         3
 Vampiric Draining        Necr           17%        2d7       98%         3
 Olgreb's Toxic Radiance  Alch           17%        N/A       100%        4
 Yara's Violent Unravell  Hex/Alch       8%         3d5       100%        5
 Enfeeble                 Hex            8%         N/A       100%        7


Dungeon Overview and Level Annotations

Branches:
Dungeon (6/15)             Temple (1/1) D:6          Bailey (1/1)

Altars:
Ashenzari
Cheibriados
Dithmenos
Elyvilon
Fedhas
Gozag
Hepliaklqana
Kikubaaqudgha
Nemelex Xobeh
Okawaru
Qazlal
Ru
Sif Muna
Trog
Uskayaw
Vehumet
Wu Jian
Xom
Yredelemnul
Zin
The Shining One

Shops:
D:4 !   D:6 =


Innate Abilities, Weirdness & Mutations

You have very sharp teeth.
Your uncanny sense of smell can sniff out nearby items.
Your experience applies equally to all skills.


Message History

The orc warrior hits you but does no damage.
The orc barely misses you. The orc warrior closely misses you.
The helpless orc knight fails to defend itself.
You punch the orc knight!
The orc knight is moderately wounded.
The orc warrior closely misses you.
The orc hits you from afar with a +0 trident.
The orc warrior hits you from afar with a +0 glaive.
The helpless orc knight fails to defend itself.
You pummel the orc knight!!
The orc knight is heavily wounded.
The orc warrior barely misses you. The orc hits you but does no damage.
The orc warrior closely misses you.
The helpless orc knight fails to defend itself.
You pummel the orc knight!!
The orc knight is almost dead.
The orc warrior hits you from afar with a +0 glaive!
The orc barely misses you.
The orc warrior hits you but does no damage.
The helpless orc knight fails to defend itself.
You pummel the orc knight!!
You kill the orc knight!
The orc warrior hits you but does no damage.
The orc hits you but does no damage.
The orc warrior hits you but does no damage.
Your Dodging skill increases to level 7!
The orc warrior closely misses you. The orc hits you with a +0 trident!
The orc warrior barely misses you.
There is an open door, spattered with blood here.
Things that are here:
a +0 glaive; a +0 ring mail; an orc corpse You hit the orc warrior.
You bite the orc warrior.
The orc warrior is moderately wounded.
The orc warrior hits you with a +0 glaive!
* * * LOW HITPOINT WARNING * * *
The orc hits you with a +0 trident.
* * * LOW HITPOINT WARNING * * *
The orc warrior hits you with a +0 glaive!!
You die...
Cheibriados appreciates the motionlessness of death.

...≈≈.≈≈≈...#########...≈≈≈.≈≈...
...........##.......##...........
..........##..#'#'#..##..........
..........#..##)#)##..#..........
.........##.#########.##.........
.........##.'.#?.)#)'.##.........
.........##.###.ß.###.##.........
.........##.')#ooo#)'.##.........
.........##.####@####.##.........
..)......##..##∩.∩##..#..........
)..).........##'''#..##..........
..)..........##.....##...........
.).≈≈.≈≈≈....##....##...≈≈≈.≈≈...
..≈≈#.##≈....#######....≈##.#≈≈..
..≈##.∩#≈...............≈#∩.##≈..
..≈#.....................)...#≈..
..≈##.##≈...............≈##.##≈..


You could see 2 orc warriors and an orc (strong, weak-willed).

Vanquished Creatures
  Harold (D:9)
  Pikel (D:4)
  An orc knight (Bailey)
  Duvessa (D:5)
  8 orc warriors (Bailey)
  An ice beast (D:6)
  2 black bears (D:6)
  An ogre (D:6)
  A centaur (D:5)
  A lemure (D:4)
  2 phantoms
  2 kobold brigands
  A bullfrog (D:5)
  Dowan (D:5)
  2 howler monkeys
  3 bombardier beetles
  Crazy Yiuf (D:3)
  3 hounds
  2 jellies
  2 iguanas
  8 adders
  4 gnolls
  A shadow imp (D:5)
  A ribbon worm (D:4)
  4 dart slugs
  17 orcs
  3 endoplasms
  5 giant cockroaches
  5 goblins
  5 hobgoblins
  2 quokkas
  8 ball pythons
  5 bats
  A frilled lizard (D:2)
  14 kobolds
  8 rats
128 creatures vanquished.

Notes
Turn   | Place    | Note
-------+----------+-------------------------------------------
     0 | D:1      | Xtruder99 the Gnoll Shapeshifter began the quest for the
                  | Orb.
     0 | D:1      | Reached XP level 1. HP: 17/17 MP: 1/1
   168 | D:1      | Reached XP level 2. HP: 22/23 MP: 2/2
   705 | D:2      | Reached XP level 3. HP: 27/28 MP: 2/4
   846 | D:2      | Reached skill level 1 in Invocations
   875 | D:2      | Reached skill level 1 in Short Blades
   875 | D:2      | Reached skill level 1 in Long Blades
   875 | D:2      | Reached skill level 1 in Axes
   875 | D:2      | Reached skill level 1 in Maces & Flails
   875 | D:2      | Reached skill level 1 in Polearms
   875 | D:2      | Reached skill level 1 in Staves
   875 | D:2      | Reached skill level 1 in Ranged Weapons
   875 | D:2      | Reached skill level 1 in Throwing
   875 | D:2      | Reached skill level 1 in Armour
   875 | D:2      | Reached skill level 1 in Stealth
   875 | D:2      | Reached skill level 1 in Shields
   875 | D:2      | Reached skill level 1 in Spellcasting
   875 | D:2      | Reached skill level 1 in Evocations
  1593 | D:3      | Found a faded altar of an unknown god.
  1632 | D:3      | Reached XP level 4. HP: 30/34 MP: 5/5
  2198 | D:3      | Found a runed translucent door.
  2199 | D:3      | Noticed Crazy Yiuf
  2274 | D:3      | Killed Crazy Yiuf
  2275 | D:3      | Reached skill level 1 in Conjurations
  2275 | D:3      | Reached skill level 1 in Hexes
  2275 | D:3      | Reached skill level 1 in Summonings
  2275 | D:3      | Reached skill level 1 in Necromancy
  2275 | D:3      | Reached skill level 1 in Translocations
  2275 | D:3      | Reached skill level 1 in Fire Magic
  2275 | D:3      | Reached skill level 1 in Ice Magic
  2275 | D:3      | Reached skill level 1 in Air Magic
  2275 | D:3      | Reached skill level 1 in Earth Magic
  2275 | D:3      | Reached skill level 1 in Alchemy
  2530 | D:4      | Reached XP level 5. HP: 40/40 MP: 5/7
  2607 | D:4      | Noticed a lemure
  2607 | D:4      | Noticed Pikel
  2875 | D:4      | Found Puryrghufeu's Distillery.
  2878 | D:4      | Bought a potion of curing for 33 gold pieces
  3277 | D:4      | Reached XP level 6. HP: 43/47 MP: 8/8
  3343 | D:4      | Reached skill level 5 in Dodging
  3447 | D:4      | Learned a level 2 spell: Blink
  3507 | D:4      | Killed Pikel
  3508 | D:4      | Reached XP level 7. HP: 16/53 MP: 8/11
  3711 | D:5      | Entered Level 5 of the Dungeon
  3739 | D:5      | Noticed Dowan
  3739 | D:5      | Noticed Duvessa
  3776 | D:5      | Killed Dowan
  3818 | D:5      | Reached XP level 8. HP: 4/60 MP: 12/12
  3912 | D:5      | Killed Duvessa
  4092 | D:5      | Found a shadowy altar of Dithmenos.
  4350 | D:5      | Found a broken altar of Ashenzari.
  4389 | D:5      | Found a stormy altar of Qazlal.
  4685 | D:5      | Found an opulent altar of Gozag.
  5091 | D:6      | Found Ydgheuh's Jewellery Shoppe.
  5458 | D:6      | Found a staircase to the Ecumenical Temple.
  5494 | Temple   | Entered the Ecumenical Temple
  5509 | Temple   | Became a worshipper of Cheibriados the Contemplative
  5654 | D:6      | Reached XP level 9. HP: 66/67 MP: 15/15
  6083 | D:6      | You fall into a shaft and drop 3 floors!
  6181 | D:9      | Noticed Harold
  6203 | D:9      | Killed Harold
  6204 | D:9      | Reached skill level 5 in Fighting
  6204 | D:9      | Reached skill level 5 in Invocations
  6214 | D:9      | Found a flagged portal.
  6233 | Bailey   | Entered a bailey
  6317 | Bailey   | Reached * piety under Cheibriados
  7576 | Bailey   | Reached skill level 5 in Short Blades
  7576 | Bailey   | Reached skill level 5 in Long Blades
  7576 | Bailey   | Reached skill level 5 in Axes
  7576 | Bailey   | Reached skill level 5 in Maces & Flails
  7576 | Bailey   | Reached skill level 5 in Polearms
  7576 | Bailey   | Reached skill level 5 in Staves
  7576 | Bailey   | Reached skill level 5 in Ranged Weapons
  7576 | Bailey   | Reached skill level 5 in Throwing
  7576 | Bailey   | Reached skill level 5 in Armour
  7576 | Bailey   | Reached skill level 5 in Stealth
  7576 | Bailey   | Reached skill level 5 in Shields
  7576 | Bailey   | Reached skill level 5 in Spellcasting
  7576 | Bailey   | Reached skill level 5 in Evocations
  7576 | Bailey   | Reached XP level 10. HP: 69/76 MP: 17/17
  7724 | Bailey   | Noticed an orc knight
  7733 | Bailey   | Killed an orc knight
  7735 | Bailey   | Mangled by an orc warrior

Illustrated notes

Levels and vault maps discovered:
D:1:      dpeg_arrival_tiny_a, layout_basic, dreamdust_princess_bridge
D:2:      layout_basic, minmay_misc_feat_secret_circle, minmay_pentomino_v4
D:3:      wad_crossroads, layout_basic, shapermc_ecumenical_altar_notcrosses,
          uniq_crazy_yiuf_cottage
D:4:      layout_basic, serial_shops, nicolae_shop_competitors_out_of_business,
          uniq_pikel
D:5:      layout_loops_ring, nicolae_gozag_cash_rules_everything_around_me,
          grunt_dithmenos_shadows, nicolae_ashenzari_skybound,
          nicolae_qazlal_eye_of_the_storm, uniq_duvessa
D:6:      layout_cave_pods, minmay_temple_entry_arrows, serial_shops, shop
D:9:      layout_loops_cross, enter_bailey_2, dreamdust_gnoll_shepherd,
          uniq_harold
Temple:   nicolae_temple_bog_church
Bailey:   bailey_polearm_2, bailey

Skill      XL: |  1  2  3  4  5  6  7  8  9 10 |
---------------+-------------------------------+-----
Invocations    | 1 2 3 4 5 |  5.7
Short Blades   | 1 2 3 4 5 |  5.2
Long Blades    | 1 2 3 4 5 |  5.2
Axes           | 1 2 3 4 5 |  5.2
Maces & Flails | 1 2 3 4 5 |  5.2
Polearms       | 1 2 3 4 5 |  5.2
Staves         | 1 2 3 4 5 |  5.2
Ranged Weapons | 1 2 3 4 5 |  5.2
Throwing       | 1 2 3 4 5 |  5.2
Armour         | 1 2 3 4 5 |  5.2
Stealth        | 1 2 3 4 5 |  5.2
Shields        | 1 2 3 4 5 |  5.2
Spellcasting   | 1 2 3 4 5 |  5.2
Evocations     | 1 2 3 4 5 |  5.2
Conjurations   | 1 2 3 4 |  4.3
Hexes          | 1 2 3 4 |  4.3
Summonings     | 1 2 3 4 |  4.3
Necromancy     | 1 2 3 4 |  4.3
Translocations | 1 2 3 4 |  4.3
Fire Magic     | 1 2 3 4 |  4.3
Ice Magic      | 1 2 3 4 |  4.3
Air Magic      | 1 2 3 4 |  4.3
Earth Magic    | 1 2 3 4 |  4.3
Alchemy        | 1 2 3 4 |  4.3
Fighting       | 3 4 5 |  5.9
Dodging        | 5 6 7 |  7.0
Unarmed Combat | 7 8 |  8.4
Shapeshifting  | 7 8 |  8.1

Action                     |  1- 3 |  4- 6 |  7- 9 | 10-12 || total
---------------------------+-------+-------+-------+-------++-------
  Melee: Unarmed           |    61 |   126 |   302 |    17 ||   506
         Bite              |     2 |    23 |    33 |     3 ||    61
         Punch             |     3 |     4 |    17 |       ||    24
   Fire: Arbalest          |       |       |    37 |       ||    37
  Evoke: Wand              |       |       |     6 |     1 ||     7
    Use: Scroll            |       |     9 |     6 |     1 ||    16
         Potion            |       |     2 |     3 |     1 ||     6
   Stab: Sleeping          |     1 |       |       |     1 ||     2
         Paralysed         |       |       |    13 |     4 ||    17
 Armour: Animal skin       |     1 |       |       |       ||     1
         Chain mail        |    36 |    72 |   252 |       ||   360
         Crystal plate arm |       |       |    10 |       ||    10
         Scale mail        |       |       |     9 |     6 ||    15
         Plate armour      |       |       |       |    18 ||    18
  Dodge: Dodged            |    17 |    29 |   136 |    13 ||   195
         Form:             |       |     1 |       |       ||     1

Table legend: (Time is in decaauts)
 A = Elapsed time spent in this place.
 B = Non-inter-level travel time spent in this place.
 C = Inter-level travel time spent in this place.
 D = Time resting spent in this place.
 E = Time spent auto-exploring this place.
 F = Levels seen in this place.
 G = Mean time per level.
                   A        B        C        D        E       F      G
               +--------+--------+--------+--------+--------+-----+--------+
         Total |   8069 |   7806 |    263 |    964 |   4454 |   9 |  896.6 |
       Dungeon |   6283 |   6034 |    249 |    177 |   4454 |   7 |  897.6 |
        Temple |     47 |     33 |     14 |      0 |      0 |   1 |   47.0 |
        Bailey |   1739 |   1739 |      0 |    787 |      0 |   1 | 1739.0 |
               +--------+--------+--------+--------+--------+-----+--------+

Top non-repeatable levels by time:
  Bailey: 1739 daAuts
     D:5: 1276 daAuts
     D:6: 1160 daAuts
     D:4: 1131 daAuts
     D:3: 992 daAuts
     D:2: 893 daAuts
     D:1: 657 daAuts
     D:9: 171 daAuts
  Temple: 47 daAuts
